 Dungeon Crawl Stone Soup version 0.29.1-13-g9f3cf754e1 (webtiles) character file.

Game seed: 12527547873310655774

181 GigaChad the Covered (level 5, -3/47 HPs)
             Began as a Minotaur Fighter on Jan 26, 2023.
             Was a Follower of Fedhas.
             Slain by Pikel
             ... wielding a +1 whip of freezing
              (7 damage)
             ... on level 4 of the Dungeon.
             The game lasted 00:04:15 (2992 turns).

GigaChad the Covered (Minotaur Fighter)             Turns: 2992, Time: 00:04:16

Health: -3/47      AC:  7    Str: 22    XL:     5   Next: 34%
Magic:  4/4        EV:  9    Int:  5    God:    Fedhas [*.....]
Gold:   171        SH:  6    Dex: 10    Spells: 4/4 levels left

rFire   . . .      SeeInvis .   a - +0 war axe
rCold   . . .      Faith    .   f - +2 buckler
rNeg    . . .      Spirit   .   b - +0 scale mail
rPois   .          Reflect  .   (helmet restricted)
rElec   .          Harm     .   (no cloak)
rCorr   .          Rampage  .   (no gloves)
Will    .....                   (no boots)
Stlth   ..........              (no amulet)
HPRegen 0.15/turn               (no ring)
MPRegen 0.09/turn               (no ring)

@: no status effects
A: horns 2, retaliatory headbutt
a: Renounce Religion


You were on level 4 of the Dungeon.
You worshipped Fedhas.
Fedhas was aware of your devotion.
You visited 1 branch of the dungeon, and saw 4 of its levels.

You collected 171 gold pieces.

Inventory:

Hand Weapons
 a - a +0 war axe (weapon)
 w - a +0 long sword of holy wrath
Missiles
 e - a throwing net (quivered)
Armour
 b - a +0 scale mail (worn)
 c - a +0 buckler
 f - a +2 buckler (worn)
Jewellery
 k - a ring of poison resistance
 o - a ring of resist corrosion
 u - a ring of positive energy
 C - a ring of protection from cold
Wands
 y - a wand of mindburst (7)
 z - a wand of flame (9)
Scrolls
 h - 2 scrolls of summoning {unknown}
 i - 5 scrolls of identify {unknown}
 n - a scroll of brand weapon {unknown}
 q - a scroll of amnesia {unknown}
 r - a scroll of immolation {unknown}
 s - a scroll of magic mapping {unknown}
 t - a scroll of noise {unknown}
 v - a scroll of fear {unknown}
 B - a scroll of blinking {unknown}
Potions
 d - a potion of might
 g - 2 potions of ambrosia {unknown}
 j - a potion of attraction {unknown}
 l - 2 potions of berserk rage {unknown}
 m - 3 potions of heal wounds {unknown}
 p - 2 potions of curing {unknown}
 x - a potion of lignification {unknown}
 A - a potion of mutation {unknown}


   Skills:
 + Level 4.6 Fighting
 + Level 4.6 Axes
 + Level 4.7 Armour
 + Level 0.7 Dodging
 + Level 0.1 Stealth
 + Level 4.2 Shields


You had 4 spell levels left.
You didn't know any spells.
Your spell library contained the following spells:

 Spells                   Type           Power      Damage    Failure   Level
 Ensorcelled Hibernation  Hex/Ice        0%         N/A       95%         2
 Gell's Gravitas          Tloc           0%         N/A       99%         3
 Inner Flame              Hex/Fire       0%         N/A       99%         3
 Lesser Beckoning         Tloc           0%         N/A       99%         3
 Spider Form              Tmut/Pois      0%         N/A       99%         3
 Stone Arrow              Conj/Erth      0%         3d7       99%         3
 Teleport Other           Tloc           0%         N/A       99%         3
 Anguish                  Hex/Necr       0%         N/A       100%        4
 Animate Armour           Summ/Erth      0%         N/A       100%        4
 Cause Fear               Hex            0%         N/A       100%        4
 Discord                  Hex            0%         N/A       100%        8
 Lehudib's Crystal Spear  Conj/Erth      0%         10d2      100%        8


Dungeon Overview and Level Annotations

Branches:
Dungeon (4/15)
 Temple: D:4-7

Altars:
Fedhas

Shops:
D:3 =

Annotations:
D:4 Pikel


Innate Abilities, Weirdness & Mutations

You have a pair of horns on your head.
You reflexively headbutt those who attack you in melee.


Message History

There is an open door here.
You see here a giant cockroach corpse.
You now have 160 gold pieces (gained 10).
You now have 171 gold pieces (gained 11).
There is an open door here.
You see here a giant cockroach corpse.
You see here a dart slug corpse.
A gnoll comes into view. It is wielding a +0 halberd.
The gnoll shouts!
A gnoll is nearby!
Pikel, Merchant of Souls comes into view.
He is wielding a +1 whip of freezing.
A gnoll comes into view. It is wielding a +0 club.
An orc priest comes into view. It is wielding a +0 club.
The orc priest shouts!
You hear a bark!
A gnoll comes into view. It is wielding a +0 flail.
A lemure comes into view.
An orc priest comes into view. It is wielding a +0 dagger.
The lemure shouts!
The orc priest shouts!
The gnoll shouts!
You hear a shout!
You hear a bark!
The gnoll hits you with a +0 halberd!
An orc wizard comes into view. It is wielding a +0 dagger.
The orc priest mumbles some strange prayers to Beogh against you.
Beogh smites you!
You hear a shout!
You hit the gnoll.
The gnoll is heavily wounded.
The gnoll hits you with a +0 halberd!
* * * LOW HITPOINT WARNING * * *
The gnoll barely misses you. You furiously retaliate!
You headbutt the gnoll.
A lemure comes into view.
Pikel hits you with a +1 whip of freezing.
* * * LOW HITPOINT WARNING * * *
Pikel freezes you.
* * * LOW HITPOINT WARNING * * *
You barely miss the gnoll.
The gnoll is heavily wounded.
You slash the gnoll! You hit Pikel but do no damage.
Pikel hits you with a +1 whip of freezing!
You die...
Fedhas appreciates your contribution to the ecosystem.

... #..........## #....
.... #...........# #....
.....#########...# #....
..:..#########...###...#
............††..†.......
........######...###...#
#######.# #...# #...#
#######.# ##### #[..#
.......@# #...#
######ggK...... #...#
#..o###### ##### #.#g.
.. 5.# #.# o## .. 5. ...
..


You could see Pikel, 2 lemures, an orc priest, an orc wizard and 3 gnolls.

Vanquished Creatures
  A black bear (D:4)
  3 adders (D:2)
  3 dart slugs
  4 orcs (D:3)
  5 ball pythons
  5 bats
  6 endoplasms
  2 giant cockroaches
  5 hobgoblins
  2 jackals (D:4)
  2 quokkas (D:3)
  2 frilled lizards
  5 goblins
  4 kobolds
  A rat (D:1)
50 creatures vanquished.

Notes
Turn   | Place    | Note
-------+----------+-------------------------------------------
     0 | D:1      | GigaChad the Minotaur Fighter began the quest for the Orb.
     0 | D:1      | Reached XP level 1. HP: 19/19 MP: 0/0
   359 | D:1      | Reached XP level 2. HP: 27/27 MP: 1/1
  1186 | D:2      | Reached XP level 3. HP: 32/33 MP: 2/2
  1943 | D:3      | Reached XP level 4. HP: 37/41 MP: 3/3
  2019 | D:3      | Found Cuinomef's Jewellery Shop.
  2033 | D:3      | Found a faded altar of an unknown god.
  2803 | D:3      | Prayed at the altar of an unknown god.
  2803 | D:3      | Became a worshipper of Fedhas Madash
  2803 | D:3      | Reached * piety under Fedhas
  2911 | D:4      | Noticed a black bear
  2918 | D:4      | Killed a black bear
  2919 | D:4      | Reached XP level 5. HP: 40/47 MP: 4/4
  2988 | D:4      | Noticed Pikel
  2989 | D:4      | Noticed a lemure
  2991 | D:4      | Noticed a lemure
  2992 | D:4      | Slain by Pikel

Illustrated notes

Levels and vault maps discovered:
D:1:      wander_arrival_abandoned_jail, layout_loops_ring,
          ebering_dispersal_statue_hall, minmay_unequal
D:2:      layout_loops_ring, minivault_25
D:3:      layout_basic, nicolae_ecumenical_lake_church, serial_shops, shop
D:4:      black_bear_nest_1, layout_basic, minmay_temple_entry_large_hall,
          nrook_mini_vaults, st_stairs_3, minmay_ogre_servants, uniq_pikel

Skill      XL: |  1  2  3  4 |
---------------+-------------+-----
Fighting       | 4 |  4.6
Armour         | 4 |  4.7
Axes           | 3 4 |  4.6
Shields        | 4 |  4.2
Dodging        | |  0.7
Stealth        | |  0.1

Action                   |  1- 3 |  4- 6 || total
-------------------------+-------+-------++-------
Melee: War axe           |    64 |    29 ||    93
       Headbutt          |     9 |     6 ||    15
Armor: Scale mail        |    28 |    19 ||    47
Dodge: Dodged            |    40 |    15 ||    55
Block: Buckler           |    35 |    10 ||    45
